 Dungeon Crawl Stone Soup version 0.27.0-1-g7a089689b8 (webtiles) character file.

Game seed: 441216311538071762

51 Phlounder the Chiller (level 3, 0/26 HPs)
             Began as a Demonspawn Ice Elementalist on Aug 12, 2021.
             Was a Believer of Qazlal.
             Succumbed to an adder's poison
             ... on level 2 of the Dungeon.
             The game lasted 00:03:26 (1426 turns).

Phlounder the Chiller (Demonspawn Ice Elementalist) Turns: 1426, Time: 00:03:30

Health: 0/26       AC:  3    Str:  8    XL:     3   Next: 58%
Magic:  0/6        EV: 12    Int: 17    God:    Qazlal [**....]
Gold:   61         SH:  2    Dex: 13    Spells: 6/7 levels left

rFire    . . .     SeeInvis .   c - +0 quarterstaff
rCold    . . .     Faith    .   (shield currently unavailable)
rNeg     . . .     Spirit   .   a - +0 robe
rPois    .         Reflect  .   (no helmet)
rElec    .         Harm     .   (no cloak)
rCorr    .         Rampage  .   d - +0 pair of gloves
Will     .....                  (no boots)
Stlth    ++........             (no amulet)
HPRegen  0.08/turn              (no ring)
MPRegen  0.10/turn              (no ring)

@: lethally poisoned (0 -> -4)
A: spiny 2
a: Renounce Religion, Upheaval


You were on level 2 of the Dungeon.
You worshipped Qazlal.
Qazlal was pleased with you.
You visited 1 branch of the dungeon, and saw 2 of its levels.

You collected 61 gold pieces.

Inventory:

Hand Weapons
 c - a +0 quarterstaff (weapon)
Missiles
 f - 4 atropa-tipped darts (quivered)
 h - 44 stones
Armour
 a - a +0 robe (worn)
 d - a +0 pair of gloves (worn)
Scrolls
 b - 3 scrolls of identify {unknown}
 e - a scroll of brand weapon {unknown}
Potions
 g - a potion of degeneration {unknown}


   Skills:
 * Level 1.0 Fighting
 * Level 1.8 Dodging
 - Level 1.7 Stealth
 * Level 2.5 Spellcasting
 * Level 4.2 Ice Magic
 * Level 1.0 Invocations


You had 6 spell levels left.
You knew the following spells:

 Your Spells              Type           Power      Damage    Failure   Level
a - Freeze                Ice            64%        1d8       3%          1

Your spell library contained the following spells:

 Spells                   Type           Power      Damage    Failure   Level
 Frozen Ramparts          Ice            32%        1d5       10%         3
 Ozocubu's Armour         Ice            16%        N/A       10%         3
 Magic Dart               Conj           8%         1d3       19%         1
 Searing Ray              Conj           4%         3d3       28%         2
 Call Canine Familiar     Summ           2%         N/A       50%         3
 Portal Projectile        Hex/Tloc       4%         N/A       50%         3
 Hailstorm                Conj/Ice       9%         3d4       58%         4
 Fulminant Prism          Conj/Hex       1%         3d6       88%         4
 Leda's Liquefaction      Hex/Erth       1%         N/A       88%         4


Dungeon Overview and Level Annotations

Branches:
Dungeon (2/15)

Altars:
Qazlal


Innate Abilities, Weirdness & Mutations

You are mostly covered in sharp spines.


Message History

Confirm with . or Enter, or press ? or * to list all spells.
Aiming: Freeze (safe; 3% risk of failure)
Press: ? - help, Shift-Dir - straight line, f/p - dart slug
Aim: a dart slug (heavily wounded)
You freeze the dart slug!
You kill the dart slug!
Qazlal accepts your kill.
You feel sick.
You feel sick.
You see here an adder corpse.
You feel sick.
You are no longer poisoned.
You are too injured to fight recklessly!
Throw: 5 darts (atropa)
Press: ? - help, Q - select action, (/) - cycle Shift-Dir - straight line, f - adder
Aim: an adder (35% to hit, chance to blind on hit: 100%)
You throw an atropa-tipped dart.
The atropa-tipped dart closely misses the adder.
Casting: Freeze (safe; 3% risk of failure)
Confirm with . or Enter, or press ? or * to list all spells.
Aiming: Freeze (safe; 3% risk of failure)
Press: ? - help, Shift-Dir - straight line, f/p - adder
Aim: an adder You freeze the adder.
The adder is heavily wounded.
The adder is struck by your spines. The adder bites you.
* * * LOW HITPOINT WARNING * * *
The adder bites you.
* * * LOW HITPOINT WARNING * * *
You are lethally poisoned!
The adder poisons you!
Casting: Freeze (safe; 3% risk of failure)
Confirm with . or Enter, or press ? or * to list all spells.
Aiming: Freeze (safe; 3% risk of failure)
Press: ? - help, Shift-Dir - straight line, f/p - adder
Aim: an adder (almost dead)
You freeze the adder.
You kill the adder!
Qazlal accepts your kill.
You die...

#######......###.....
.....................
######......########
######....##...##...##
..........+...(††....###
#.####....##...##.....##
#.........##...######.#.
#####†..○.###### #...
#....@.(†.†.# ##..
#.#.....#......# #..
#.#.....#.####... ##. #
#######.. . #. #..# #.
##.# #. .# ## ..


There were no monsters in sight!

Vanquished Creatures
  3 adders (D:2)
  A worm (D:2)
  A dart slug (D:2)
  3 endoplasms (D:1)
  A giant cockroach (D:1)
  3 hobgoblins
  3 ball pythons
  3 bats (D:1)
  4 frilled lizards
  4 goblins (D:1)
  2 kobolds (D:1)
  3 rats
31 creatures vanquished.

Notes
Turn   | Place    | Note
-------+----------+-------------------------------------------
     0 | D:1      | Phlounder the Demonspawn Ice Elementalist began the quest
                  | for the Orb.
     0 | D:1      | Reached XP level 1. HP: 13/13 MP: 3/3
   204 | D:1      | Found a faded altar of an unknown god.
   209 | D:1      | Became a worshipper of Qazlal Stormbringer
   209 | D:1      | Reached * piety under Qazlal
   594 | D:1      | Reached skill level 4 in Ice Magic
   615 | D:1      | Gained mutation: You are partially covered in sharp spines.
                  | [demonic ancestry]
   615 | D:1      | Reached XP level 2. HP: 18/19 MP: 3/5
  1312 | D:2      | Gained mutation: You are mostly covered in sharp spines.
                  | [demonic ancestry]
  1312 | D:2      | Reached XP level 3. HP: 25/25 MP: 0/6
  1410 | D:2      | Reached ** piety under Qazlal
  1411 | D:2      | Reached skill level 1 in Invocations
  1416 | D:2      | Reached skill level 1 in Fighting
  1425 | D:2      | HP: 1/26 [adder (4)]
  1426 | D:2      | Succumbed to an adder's poison

Illustrated notes

Levels and vault maps discovered:
D:1:      scummos_arrival_simple_crosswalls, layout_loops_corners,
          chequers_ecumenical_altar_grove
D:2:      minmay_evil_eye, layout_basic, minmay_misc_feat_doors

Skill      XL: |  1  2  3 |
---------------+----------+-----
Ice Magic      | 4 |  4.2
Invocations    | 1 |  1.0
Fighting       | 1 |  1.0
Dodging        | |  1.8
Stealth        | |  1.7
Spellcasting   | |  2.5

Action                   || total
-------------------------++-------
Melee: Quarterstaff      ||     4
Throw: Dart              ||     1
 Cast: Freeze            ||    41
Armor: Robe              ||     1
Dodge: Dodged            ||    12
Block: Other             ||     2
